 Dungeon Crawl Stone Soup version 0.23-a0-650-ga4d50d4 (webtiles) character file.

25 Borgoz the Sneak (level 3, -1/20 HPs)
             Began as a Kobold Enchanter on Jan 5, 2019.
             Slain by a rat (3 damage)
             ... on level 2 of the Dungeon.
             The game lasted 00:01:45 (1325 turns).

Borgoz the Sneak (Kobold Enchanter)                 Turns: 1325, Time: 00:01:46

Health: -1/20      AC:  2    Str:  5    XL:     3   Next: 20%
Magic:  5/6        EV: 15    Int: 16    God:
Gold:   18         SH:  0    Dex: 16    Spells: 5/6 levels left

rFire    . . .     SeeInvis .   a - +1 dagger
rCold    . . .     Gourm    .   (shield restricted)
rNeg     . . .     Faith    .   b - +0 robe
rPois    .         Spirit   .   (no helmet)
rElec    .         Reflect  .   (no cloak)
rCorr    .         Harm     .   (no gloves)
MR       .....                  (no boots)
Stlth    +++.......             (no amulet)
HPRegen  0.06/turn              (no ring)
MPRegen  0.10/turn              (no ring)

@: no status effects
A: small, carnivore
a: no special abilities


You were on level 2 of the Dungeon.
You were not hungry.

You visited 1 branch of the dungeon, and saw 2 of its levels.

You collected 18 gold pieces.

Inventory:

Hand Weapons
 a - a +1 dagger (weapon)
Armour
 b - a +0 robe (worn)
 e - a cursed +0 ring mail
Scrolls
 c - a scroll of amnesia {unknown}
 g - a scroll of identify {unknown}
 k - a scroll of magic mapping {unknown}
Potions
 f - a potion of mutation {unknown}
 h - a potion of might {unknown}
 i - 2 potions of curing {unknown}
 j - a potion of brilliance {unknown}
 l - a potion of degeneration {unknown}
Comestibles
 d - 3 rations


   Skills:
 + Level 0.6 Fighting
 * Level 2.0 Short Blades
 + Level 0.3 Armour
 + Level 2.7 Dodging
 * Level 4.3 Stealth
 + Level 2.4 Spellcasting
 + Level 3.2 Hexes


You had 5 spell levels left.
You knew the following spells:

 Your Spells              Type           Power        Failure   Level  Hunger
a - Corona                Hex            ##.....      5%          1    #......

Your spell library contained the following spells:

 Spells                   Type           Power        Failure   Level  Hunger
 Ensorcelled Hibernation  Hex/Ice        #.....       16%         2    ###....
 Confuse                  Hex            ##......     16%         3    ###....
 Tukima's Dance           Hex            ##......     16%         3    ###....
 Dazzling Spray           Conj/Hex       #.....       30%         3    ###....


Dungeon Overview and Level Annotations

Branches:
Dungeon (2/15)

Altars:


Innate Abilities, Weirdness & Mutations

You are small and have problems with some larger weapons.
You are carnivorous and can eat meat at any time.


Message History

The bat misses you. The bat closely misses you. The rat closely misses you.
Casting: Corona (safe; 5% risk of failure)
Confirm with . or Enter, or press ? or * to list all spells.
Aiming: Corona (safe; 5% risk of failure)
Press: ? - help, Shift-Dir - straight line, f - bat
Aim: a bat (chance to defeat MR: 66%)
The bat is outlined in light.
The bat hits you but does no damage. The bat barely misses you.
The rat bites you.
* * * LOW HITPOINT WARNING * * *
You hit the bat but do no damage. The bat barely misses you. The rat bites you.
* * * LOW HITPOINT WARNING * * *
You closely miss the bat. The bat misses you. The bat hits you.
* * * LOW HITPOINT WARNING * * *
The rat bites you but does no damage.
A kobold comes into view.
The bat closely misses you. The bat hits you.
* * * LOW HITPOINT WARNING * * *
You barely miss the bat. The bat closely misses you.
The bat hits you but does no damage. The rat bites you.
You die...

####..#.##### ...#
#............
...###.##..#.#####
........#..#.#
#..# #..#....#
#..###.......#
#......K.....#
#b####...#...#
#@##.........#
#.rg......)....#
####........##.#
###....#.# ...
#....#.# ##
##.#.#.. ..#.# ..
#.#.# .# .#


You could see a goblin, a bat and a rat.

Vanquished Creatures
  A gnoll (D:1)
  A leopard gecko (D:2)
  A giant cockroach (D:1)
  2 goblins (D:1)
  2 hobgoblins (D:1)
  5 kobolds (D:1)
  4 rats (D:1)
16 creatures vanquished.

Notes
Turn   | Place    | Note
-------+----------+-------------------------------------------
     0 | D:1      | Borgoz the Kobold Enchanter began the quest for the Orb.
     0 | D:1      | Reached XP level 1. HP: 10/10 MP: 3/3
   590 | D:1      | Reached XP level 2. HP: 5/16 MP: 3/5
  1132 | D:1      | Reached XP level 3. HP: 20/20 MP: 6/6
  1325 | D:2      | Slain by a rat

Vault maps used:
D:1:      eino_arrival_cavern_b, solitary_fountain
D:2:      chequers_arboretum, minmay_heptomino_d4

Skill      XL: |  1  2  3 |
---------------+----------+-----
Short Blades   | 2 |  2.0
Fighting       | |  0.6
Armour         | |  0.3
Dodging        | |  2.7
Stealth        | |  4.3
Spellcasting   | |  2.4
Hexes          | |  3.2

Action                   || total
-------------------------++-------
Melee: Dagger            ||    71
 Cast: Corona            ||     5
 Stab: Sleeping          ||     6
  Eat: Chunk             ||     1
Armor: Robe              ||    10
Dodge: Dodged            ||    89

Table legend:
 A = Non-vault XP
 B = Vault XP
 C = Vault XP percentage of total XP
 D = Non-vault monster count
 E = Vault monster count
 F = Vault count percentage of total count
                 A         B        C        D         E       F
            +---------+---------+-------+---------+---------+-------
      Total |      37 |       0 |   0.0 |      16 |       0 |   0.0
            +---------+---------+-------+---------+---------+-------
        D:1 |      34 |       0 |   0.0 |      15 |       0 |   0.0
        D:2 |       3 |       0 |   0.0 |       1 |       0 |   0.0
            +---------+---------+-------+---------+---------+-------
